 Dungeon Crawl Stone Soup version 0.31.0-11-ge490571c62 (webtiles) character file.

Game seed: 12855556963522312624

67 Urdicil the Grasshopper (level 4, -3/38 HPs)
             Began as a Gnoll Warper on Jan 27, 2024.
             Slain by a howler monkey (6 damage)
             ... on level 3 of the Dungeon.
             The game lasted 00:09:25 (2449 turns).

Urdicil the Grasshopper (Gnoll Warper)              Turns: 2449, Time: 00:09:26

Health: -3/38      AC:  5    Str: 13    XL:     4   Next: 18%
Magic:  8/11       EV: 11    Int: 12    God:
Gold:   220        SH:  0    Dex: 11    Spells: 6/13 levels left

rFire   . . .        a - +0 hand axe
rCold   . . .        (no shield)
rNeg    + . .        h - +0 ring mail {rN+}
rPois   +            (no helmet)
rElec   .            (no cloak)
rCorr   .            (no gloves)
SInv    .            (no boots)
Will    .....        (no amulet)
Stlth   +            m - ring of poison resistance
HPRegen 0.26/turn    b - ring of wizardry
MPRegen 0.12/turn

%: wizardry (x1)
@: no status effects
A: fangs 1, strong nose, distributed training
a: no special abilities


You were on level 3 of the Dungeon.
You visited 1 branch of the dungeon, and saw 4 of its levels.

You collected 220 gold pieces.

Inventory:

Hand Weapons
 a - a +0 hand axe (weapon)
Missiles
 d - 7 darts of dispersal (quivered)
 n - 6 poisoned darts
Armour
 h - a +0 ring mail of positive energy (worn)
Jewellery
 b - a ring of wizardry (right hand)
 m - a ring of poison resistance (left hand)
 o - a ring of ice
 r - a ring of magical power
Wands
 p - a wand of charming (1)
Scrolls
 f - a scroll of summoning {unknown}
 g - a scroll of immolation {unknown}
 k - a scroll of enchant armour {unknown}
 l - a scroll of identify {unknown}
Potions
 e - a potion of curing {unknown}
 i - a potion of resistance {unknown}
 q - a potion of might {unknown}


   Skills:
 + Level 4.6 Fighting
 + Level 1.1 Short Blades
 + Level 1.1 Long Blades
 + Level 4.6 Axes
 + Level 1.1 Maces & Flails
 + Level 1.1 Polearms
 + Level 1.1 Staves
 + Level 1.1 Ranged Weapons
 + Level 2.7 Throwing
 + Level 2.7 Armour
 + Level 4.6 Dodging
 + Level 1.1 Stealth
 + Level 1.1 Shields
 + Level 1.1 Unarmed Combat
 + Level 5.0 Spellcasting
 + Level 0.8 Conjurations
 + Level 0.8 Hexes
 + Level 0.8 Summonings
 + Level 0.8 Necromancy
 + Level 5.4 Translocations
 + Level 0.8 Fire Magic
 + Level 0.8 Ice Magic
 + Level 0.8 Air Magic
 + Level 0.8 Earth Magic
 + Level 0.8 Alchemy
 + Level 1.2 Invocations
 + Level 1.1 Evocations
 + Level 1.0 Shapeshifting


You had 6 spell levels left.
You knew the following spells:

 Your Spells              Type           Power      Damage    Failure   Level
a - Blink                 Tloc           32%        N/A       2%          2
b - Sting                 Conj/Alch      20%        1d4       12%         1
c - Vhi's Electric Charg  Tloc/Air       20%        N/A       38%         4

Your spell library contained the following spells:

 Spells                   Type           Power      Damage    Failure   Level
 Apportation              Tloc           32%        N/A       1%          1
 Lesser Beckoning         Tloc           32%        N/A       2%          2
 Teleport Other           Tloc           16%        N/A       5%          3
 Necrotise                Necr           20%        1d5       12%         1
 Summon Small Mammal      Summ           20%        N/A       12%         1
 Manifold Assault         Tloc           16%        N/A       16%         4


Dungeon Overview and Level Annotations

Branches:
Dungeon (4/15)
 Temple: D:4-7

Altars:
Makhleb
Nemelex Xobeh

Annotations:
D:3 Blork the orc


Innate Abilities, Weirdness & Mutations

You have very sharp teeth.
Your uncanny sense of smell can sniff out nearby items.
Your experience applies equally to all skills.


Message History

Aim: Blork the orc, wielding a +0 dire flail and wearing a +0 robe (heavily wounded, fast, poisoned, chance to affect: 50%) Blork the orc resists with significant effort.
Blork the orc closely misses you.
Unknown command.
As you read the scroll labelled ZUQIAM JOUM, it crumbles to dust.
You feel strangely unstable.
It was a scroll of teleportation.
You feel ready to blink again.
Blork the orc hits you with a +0 dire flail!
* * * LOW HITPOINT WARNING * * *
Blork the orc looks encouraged for a moment.
You hit Blork the orc.
Blork the orc is heavily wounded.
Blork the orc hits you with a +0 dire flail!
* * * LOW HITPOINT WARNING * * *
Casting: Blink (safe; 2% risk of failure)
Confirm with . or Enter, or press ? or * to list all spells.
You blink.
Your surroundings suddenly seem different.
You start resting.
You feel ready to blink again.
You start resting.
A howler monkey is nearby!
A howler monkey is nearby!
The howler monkey howls!
The howler monkey hoots and howls with incredible vigour!
You barely miss the howler monkey. The howler monkey closely misses you.
You hit the howler monkey. You bite the howler monkey.
The howler monkey is moderately wounded.
The howler monkey hits you but does no damage.
You completely miss the howler monkey.
The howler monkey is moderately wounded.
The howler monkey hits you.
* * * LOW HITPOINT WARNING * * *
The howler monkey hits you!
* * * LOW HITPOINT WARNING * * *
You hit the howler monkey but do no damage.
Your bite misses the howler monkey.
The howler monkey is moderately wounded.
The howler monkey hits you.
You die...

#†#.##.# #######.............
##.#.##.# #............#.###
#....##.# #.###......#.#.# #
#....##.#####.###.#.##.#.#.#
#....##..........>.........#
##.#..........###...#.....####
#.####.#.###.# #.....#....§oh
#.# #...###.###.#.#.....####
#.####....##@#.....##.#..#
#.......#.##h#.....##(#..###
#####...#.##...............#
#.....####.............#
#...............#.####.#
###.#.######.##.#.# #.## #.#.#
#.##.#.# #.## #.#.# #.##.#.#
#... #.#.######.##.#.# #.##


You could see a howler monkey.

Vanquished Creatures
  3 dart slugs (D:1)
  A ribbon worm (D:2)
  An orc (D:3)
  5 ball pythons
  5 endoplasms
  5 giant cockroaches
  4 goblins
  6 hobgoblins
  3 kobolds
  6 quokkas
  4 bats
  4 frilled lizards
  4 rats
51 creatures vanquished.

Notes
Turn   | Place    | Note
-------+----------+-------------------------------------------
     0 | D:1      | Urdicil the Gnoll Warper began the quest for the Orb.
     0 | D:1      | Reached XP level 1. HP: 20/20 MP: 6/6
   197 | D:1      | Reached XP level 2. HP: 21/26 MP: 7/7
   457 | D:1      | Reached skill level 5 in Spellcasting
   457 | D:1      | Reached XP level 3. HP: 31/31 MP: 7/9
   622 | D:2      | Reached skill level 1 in Invocations
   646 | D:2      | Learned a level 2 spell: Blink
   841 | D:2      | Reached skill level 1 in Short Blades
   841 | D:2      | Reached skill level 1 in Long Blades
   841 | D:2      | Reached skill level 1 in Maces & Flails
   841 | D:2      | Reached skill level 1 in Polearms
   841 | D:2      | Reached skill level 1 in Staves
   841 | D:2      | Reached skill level 1 in Ranged Weapons
   841 | D:2      | Reached skill level 1 in Stealth
   841 | D:2      | Reached skill level 1 in Shields
   841 | D:2      | Reached skill level 1 in Unarmed Combat
   841 | D:2      | Reached skill level 1 in Evocations
  1068 | D:2      | Reached skill level 1 in Shapeshifting
  1068 | D:2      | Reached XP level 4. HP: 38/38 MP: 11/11
  1338 | D:3      | Found a burning altar of Makhleb.
  1908 | D:3      | Found a sparkling altar of Nemelex Xobeh.
  2015 | D:4      | Noticed Blork the orc
  2019 | D:4      | HP: 1/38 [Blork the orc/+0 dire flail (12)]
  2201 | D:3      | HP: 1/38 [Blork the orc/+0 dire flail (9)]
  2357 | D:2      | Learned a level 1 spell: Sting
  2362 | D:2      | Learned a level 4 spell: Vhi's Electric Charge
  2449 | D:3      | Slain by a howler monkey

Illustrated notes

Levels and vault maps discovered:
D:1:      mrwooster_arrival_statue, layout_rooms,
          chequers_serial_rivers_micro_e, minmay_pentomino_r2
D:2:      layout_loops_ring
D:3:      layout_loops_ring, mainiacjoe_overflow_small_starburst,
          mainiacjoe_overflow_alcove_2
D:4:      layout_basic, uniq_natasha, uniq_blork_the_orc

Skill      XL: |  1  2  3 |
---------------+----------+-----
Spellcasting   | 5 |  5.0
Invocations    | 1 |  1.2
Short Blades   | 1 |  1.1
Long Blades    | 1 |  1.1
Maces & Flails | 1 |  1.1
Polearms       | 1 |  1.1
Staves         | 1 |  1.1
Ranged Weapons | 1 |  1.1
Stealth        | 1 |  1.1
Shields        | 1 |  1.1
Unarmed Combat | 1 |  1.1
Evocations     | 1 |  1.1
Shapeshifting  | 1 |  1.0
Fighting       | |  4.6
Axes           | |  4.6
Throwing       | |  2.7
Armour         | |  2.7
Dodging        | |  4.6
Conjurations   | |  0.8
Hexes          | |  0.8
Summonings     | |  0.8
Necromancy     | |  0.8
Translocations | |  5.4
Fire Magic     | |  0.8
Ice Magic      | |  0.8
Air Magic      | |  0.8
Earth Magic    | |  0.8
Alchemy        | |  0.8

Action                     |  1- 3 |  4- 6 || total
---------------------------+-------+-------++-------
  Melee: Hand axe          |   129 |    41 ||   170
         Bite              |    15 |     3 ||    18
   Cast: Blink             |       |     4 ||     4
         Sting             |       |     4 ||     4
  Evoke: Wand              |       |     3 ||     3
    Use: Scroll            |       |     2 ||     2
 Armour: Leather armour    |    20 |       ||    20
         Ring mail         |    43 |    35 ||    78
  Dodge: Dodged            |    70 |    28 ||    98
